 Dungeon Crawl Stone Soup version 0.18-a0-1347-gb9e2fb4 (webtiles) character file.

91 M4edhros the Insei (level 4, -9/35 HPs)
             Began as a Mummy Monk on Feb 17, 2016.
             Mangled by a vampire mosquito (11 damage)
             ... on level 2 of the Dungeon.
             The game lasted 00:05:14 (7067 turns).

M4edhros the Insei (Mummy Monk)                     Turns: 7067, Time: 00:05:14

Health: -9/35      AC:  0    Str: 14    XL:     4   Next: 34%
Magic:  4/4        EV: 13    Int:  9    God:
Gold:   108        SH:  0    Dex: 15    Spells: 0 memorised, 3 levels left

rFire  x . .     SeeInvis .       - Unarmed
rCold  + . .     Gourm    .     (no armour)
rNeg   + + +     Faith    .     (no shield)
rPois  ∞         Spirit   .     (no helmet)
rElec  .         Dismiss  .     (no cloak)
rCorr  .         Reflect  .     (no gloves)
SustAt .         Harm     .     (no boots)
MR     .....                    (no amulet)
Stlth  ++........               (no ring)
                                e - ring of wizardry

@: not resistant to hostile enchantments, unstealthy
A: no food or potions, fire vulnerability, cold resistance 1, negative energy
resistance 3, torment resistance, unbreathing
a: no special abilities


You were on level 2 of the Dungeon.
You were not hungry.

You visited 1 branch of the dungeon, and saw 2 of its levels.

You collected 108 gold pieces.

Inventory:

Jewellery
 e - a ring of wizardry (left hand)
Scrolls
 a - a scroll of immolation {unknown}
 c - a scroll of recharging {unknown}
 d - 2 scrolls of identify {unknown}
 g - a scroll of teleportation {unknown}
 h - 4 scrolls of enchant armour {unknown}
 i - a scroll of noise {unknown}
 j - a scroll of fear {unknown}
Comestibles
 f - a beef jerky


   Skills:
 - Level 3.0 Fighting
 - Level 2.4 Dodging
 + Level 2.4 Stealth
 * Level 4.5 Unarmed Combat


You had 3 spell levels left.
You didn't know any spells.

Dungeon Overview and Level Annotations

Branches:
Dungeon (2/15)

Altars:
Gozag
Kikubaaqudgha
Zin

Shops:
D:2 *

Annotations:
D:2 Sigmund


Innate Abilities, Weirdness & Mutations

You do not eat or drink.
Your flesh is vulnerable to fire.
You are immune to poison.
Your flesh is cold resistant.
You are immune to negative energy.
You are immune to unholy pain and torment.
You can survive without breathing.


Message History

You see here a jackal corpse.
The vampire mosquito buzzes angrily.
The vampire mosquito bites you!
* * * LOW HITPOINT WARNING * * *
The vampire mosquito barely misses you.
There is a stone staircase leading down here.
The vampire mosquito bites you!
* * * LOW HITPOINT WARNING * * *
The vampire mosquito bites you.
* * * LOW HITPOINT WARNING * * *
You climb downwards.
Level annotation: Sigmund
There is a stone staircase leading up here.
Read which item? (? for menu, Esc to quit)
As you read the scroll labeled SASISE BOQE, it crumbles to dust.
The scroll dissolves into smoke.
It was a scroll of fog.
The vampire mosquito barely misses you.
The vampire mosquito closely misses you.
The vampire mosquito bites you!
You die...

##.## #.......#.# ##...######
#._..)_.#.# #.........#
#.......#.##### ##........#
#########.....# #..#####.# #.#
#####.#### #..# #.# #.# #.......
#..# #!##########.#####.#.....
#..# #....§§§§§.........######
##..# #.###§§y@§...####### ....#
#.# #.######## .#.## #.# #.#
.#.######.# #.#
.#........###.###################
.##.#....................##......
†.........##############.##.##.##
####.###..# #.##.##.# .....# #[.#
#...#)..#


You could see a vampire mosquito.

Vanquished Creatures
  2 gnolls (D:2)
  An adder (D:2)
  2 giant geckos
  A ball python (D:2)
  4 giant cockroaches
  6 goblins
  3 hobgoblins
  15 jackals (D:1)
  2 quokkas (D:2)
  4 bats (D:1)
  3 giant newts
  6 kobolds (D:1)
  5 rats
54 creatures vanquished.

Notes
Turn   | Place    | Note
--------------------------------------------------------------
     0 | D:1      | M4edhros the Mummy Monk began the quest for the Orb.
     0 | D:1      | Reached XP level 1. HP: 18/18 MP: 1/1
   347 | D:2      | Found Gozag's Platinum Reserve.
   447 | D:1      | Reached XP level 2. HP: 16/24 MP: 2/2
  1470 | D:1      | Reached skill level 4 in Unarmed Combat
  1478 | D:1      | Reached XP level 3. HP: 27/29 MP: 3/3
  5701 | D:2      | Found an opulent altar of Gozag.
  5703 | D:2      | Noticed Sigmund
  5767 | D:2      | Found an opulent altar of Gozag.
  5768 | D:2      | Found a glowing silver altar of Zin.
  5971 | D:2      | Found an ancient bone altar of Kikubaaqudgha.
  6560 | D:2      | Reached XP level 4. HP: 13/35 MP: 4/4
  7061 | D:1      | Noticed a vampire mosquito
  7064 | D:1      | HP: 1/35 [vampire mosquito (1)]
  7067 | D:2      | Mangled by a vampire mosquito

Vault maps used:
D:1:      dpeg_arrival_three_bigger_balls, serial_park_tiny_pond
D:2:      grunt_temple_overflow_gold_and_silver, kiku_gazebo_garden_becter,
          nicolae_gozag_zags_fifth_avenue, uniq_sigmund

Action                   |  1- 3 |  4- 6 || total
-------------------------+-------+-------++-------
Melee: Unarmed           |   166 |    43 ||   209
  Use: Scroll            |       |     1 ||     1
 Stab: Distracted        |     2 |       ||     2
       Sleeping          |     2 |       ||     2
